 Dungeon Crawl Stone Soup version 0.17-a0-1532-g2de063d (webtiles) character file.

2824 Chiseanne the Skirmisher (level 9, -2/72 HPs)
             Began as a Demonspawn Wanderer on July 16, 2015.
             Was an Initiate of Gozag.
             Slain by a wolf (6 damage)
             ... led by Grum
             ... on level 8 of the Dungeon.
             The game lasted 00:20:36 (8258 turns).

Chiseanne the Skirmisher (Demonspawn Wanderer)      Turns: 8258, Time: 00:20:37

Health: -2/72      AC:  8    Str: 20    XL:     9   Next: 45%
Magic:  9/9        EV: 19    Int: 17    God:    Gozag
Gold:   101        SH:  0    Dex: 20    Spells: 0 memorised, 8 levels left

rFire  + . .     SeeInvis .     a - +0 quarterstaff
rCold  . . .     Clarity  +     e - +1 scale mail
rNeg   . . .     SustAt   .     (no shield)
rPois  .         Gourm    .     (helmet restricted)
rElec  .         Spirit   .     (no cloak)
rCorr  .         Warding  .     (no gloves)
rMut   .         Stasis   .     (no boots)
MR     +....                    u - amulet of clarity
Stlth  +.........               (no ring)
                                c - ring of protection from magic

@: mighty, brilliant, agile, somewhat resistant to hostile enchantments, very
unstealthy
A: claws 1, hooves 1, horns 1, fire resistance 1, powered by pain 2, flame cloud
immunity
a: Potion Petition, Call Merchant, Bribe Branch, Renounce Religion


You were on level 8 of the Dungeon.
You worshipped Gozag.
Gozag was noncommittal.
You were not hungry.

You visited 2 branches of the dungeon, and saw 9 of its levels.

You collected 799 gold pieces.
You paid 698 gold pieces to Gozag.

Inventory:

Hand weapons
 a - a +0 quarterstaff (weapon)
 w - a +3 hand crossbow
Missiles
 b - 76 bolts
 i - 10 javelins (quivered)
 j - 50 arrows
 k - 26 poisoned needles
 n - a throwing net
 q - 11 exploding sling bullets
 s - 17 sling bullets of flame
 y - 11 sling bullets
 K - 8 arrows of frost
Armour
 e - a +1 scale mail (worn)
Jewellery
 c - a ring of protection from magic (left claw)
 m - an uncursed amulet of the gourmand
 u - an amulet of clarity (around neck)
Magical devices
 t - a wand of paralysis (11)
 x - a wand of cold (3)
 F - a wand of digging (12)
Scrolls
 d - a scroll of teleportation
 l - a scroll of remove curse
 o - 3 scrolls of enchant armour
 B - a scroll of blinking
 C - a scroll of brand weapon {unknown}
 D - 4 scrolls of enchant weapon
 E - a scroll of identify
 H - a scroll of fog
Potions
 h - a potion of cure mutation {unknown}
 r - a potion of might {unknown}
 v - a potion of curing
 z - a potion of lignification {unknown}
 A - a potion of haste {unknown}
 G - 2 potions of heal wounds {unknown}
 I - a potion of brilliance {unknown}
Books
 g - a book of Burglary

   Spells                             Type                      Level
   a - Swiftness                      Charms/Air                   2
   b - Passwall                       Transmutation/Earth          3
   c - Passage of Golubria            Translocation                4
   d - Lee's Rapid Deconstruction     Earth                        5
   e - Invisibility                   Hexes                        6
   f - Darkness                       Hexes                        7
Comestibles
 f - 7 bread rations
 p - 5 meat rations
 J - 10 royal jellies


   Skills:
 + Level 7.1 Fighting
 - Level 1.7 Staves
 - Level 1.7 Crossbows
 * Level 6.6 Armour
 + Level 6.0 Dodging
 - Level 1.0 Stealth
 * Level 4.5 Unarmed Combat
 - Level 1.0 Evocations


You had 8 spell levels left.
You didn't know any spells.

Dungeon Overview and Level Annotations

Branches:
Dungeon (8/15)             Temple (1/1) D:5
   Lair: D:8-11

Altars:
Ashenzari
Cheibriados
Dithmenos
Elyvilon
Fedhas
Gozag
Makhleb
Nemelex Xobeh
Okawaru
Qazlal
Trog
Vehumet
Xom
Yredelemnul
The Shining One
Lugonu

Annotations:
D:8 Erolcha


Innate Abilities, Weirdness & Mutations

You have sharp fingernails.
You have large cloven feet.
You have a pair of small horns on your head.
Your flesh is heat resistant.
You sometimes gain power by taking damage.
You are immune to clouds of flame.


Message History

You barely miss the wolf. You kick the wolf.
The wolf is moderately wounded.
The wolf closely misses you. x2
You miss the wolf.
The wolf is moderately wounded.
The wolf is distracted by the nearby gold.
You sock the wolf!
The wolf is no longer distracted by gold.
Your kick misses the wolf. You headbutt the wolf.
The wolf is severely wounded.
The wolf bites you!
* * * LOW HITPOINT WARNING * * *
The wolf bites you.
* * * LOW HITPOINT WARNING * * *
Your scale mail prevents you from hitting the wolf.
Your headbutt misses the wolf.
The wolf is severely wounded.
The wolf bites you.
You die...
Your body crumbles into a pile of gold.

## ..# ..# #.#
#.# ...########.#
......h@$...#
.#########<.#
#..# #..#
#########..#
...........######
########.........
..............#
#####.##)####.#


You could see a wolf.

Vanquished Creatures
  Psyche (D:8)
  Grum (D:8)
  3 wolves (D:8)
  A water moccasin (D:7)
  Duvessa (D:4)
  5 ogres
  A wasp (D:3)
  2 centaurs
  4 giant frogs (D:7)
  Dowan (D:4)
  2 crimson imps
  4 jellies
  3 hounds
  A gnoll shaman (D:4)
  3 worker ants
  Natasha (thrice) (D:2)
  An iguana (D:7)
  2 orc wizards (D:7)
  A hound skeleton (D:5)
  15 gnolls
  9 adders
  7 oozes
  An adder skeleton (D:4)
  A worm (D:3)
  5 giant geckos
  6 orcs
  6 giant cockroaches
  17 hobgoblins
  4 jackals (D:7)
  9 kobolds
  3 quokkas
  3 ball pythons
  7 bats
  4 giant newts
  9 goblins
  A quokka skeleton (D:6)
  10 rats
157 creatures vanquished.

Notes
Turn   | Place    | Note
--------------------------------------------------------------
     0 | D:1      | Chiseanne the Demonspawn Wanderer began the quest for the Orb.
     0 | D:1      | Chiseanne set off with: a +2 hand crossbow, 22 bolts, a +0 quarterstaff, a scroll of teleportation, a +0 robe, a bread ration
     0 | D:1      | Reached XP level 1. HP: 16/16 MP: 1/1
    77 | D:1      | Gained mutation: You sometimes gain a little power by taking damage. [demonic ancestry]
    77 | D:1      | Reached XP level 2. HP: 12/23 MP: 2/2
   377 | D:1      | Reached skill level 3 in Fighting
   518 | D:1      | Gained mutation: You have large cloven feet. [demonic ancestry]
   518 | D:1      | Reached XP level 3. HP: 29/29 MP: 3/3
   995 | D:2      | Noticed Natasha
   999 | D:2      | Killed Natasha
  1291 | D:2      | Gained mutation: You have a pair of small horns on your head. [demonic ancestry]
  1291 | D:2      | Reached XP level 4. HP: 27/35 MP: 4/4
  1671 | D:2      | Found a bloodstained altar of Trog.
  2016 | D:2      | Noticed Natasha
  2016 | D:2      | Killed Natasha
  2041 | D:2      | Noticed Natasha
  2044 | D:2      | Killed Natasha
  2127 | D:3      | Reached skill level 4 in Fighting
  2273 | D:3      | Found a shimmering altar of Xom.
  2568 | D:3      | Gained mutation: Your flesh is heat resistant. [demonic ancestry]
  2568 | D:3      | Reached XP level 5. HP: 6/42 MP: 5/5
  2568 | D:3      | HP: 2/42 [gnoll/flail (5)]
  2807 | D:3      | Noticed a wasp
  2814 | D:3      | Killed a wasp
  3309 | D:4      | Gained mutation: You sometimes gain power by taking damage. [demonic ancestry]
  3309 | D:4      | Reached XP level 6. HP: 50/50 MP: 6/6
  3646 | D:4      | Noticed Dowan
  3650 | D:4      | Noticed Duvessa
  3656 | D:4      | Killed Duvessa
  3656 | D:4      | Reached skill level 5 in Fighting
  3961 | D:4      | Noticed an ogre
  3970 | D:4      | Killed an ogre
  3970 | D:4      | Reached XP level 7. HP: 31/56 MP: 7/7
  4240 | D:4      | Killed Dowan
  4678 | D:4      | Found a burning altar of Makhleb.
  4762 | D:5      | Entered Level 5 of the Dungeon
  5157 | D:5      | Found a staircase to the Ecumenical Temple.
  5173 | Temple   | Entered the Ecumenical Temple
  5197 | Temple   | Became a worshipper of Gozag Ym Sagoz the Greedy
  5329 | D:5      | Found a stormy altar of Qazlal.
  5425 | D:5      | Found a white marble altar of Elyvilon.
  5847 | D:6      | Found a shadowy altar of Dithmenos.
  5911 | D:6      | Found a snail-covered altar of Cheibriados.
  5935 | D:6      | Noticed an ogre
  5940 | D:6      | Killed an ogre
  6048 | D:6      | Found an iron altar of Okawaru.
  6072 | D:6      | Gained mutation: You have sharp fingernails. [demonic ancestry]
  6072 | D:6      | Reached XP level 8. HP: 52/64 MP: 8/8
  6485 | D:7      | Reached skill level 6 in Fighting
  6485 | D:7      | Reached skill level 5 in Dodging
  6622 | D:7      | Reached skill level 1 in Unarmed Combat
  6706 | D:7      | Reached skill level 5 in Armour
  7489 | D:8      | Noticed Psyche
  7492 | D:8      | Noticed Erolcha
  7513 | D:8      | Killed Psyche
  7513 | D:8      | Gained mutation: You are immune to clouds of flame. [demonic ancestry]
  7513 | D:8      | Reached XP level 9. HP: 48/71 MP: 9/9
  8235 | D:8      | Reached skill level 7 in Fighting
  8236 | D:8      | Noticed Grum
  8251 | D:8      | Killed Grum
  8257 | D:8      | HP: 3/72 [wolf[Grum] (5)]
  8258 | D:8      | Slain by a wolf

Vault maps used:
D:1:      lightli_iron_boxes
D:2:      lemuel_crystal_altar, uniq_natasha
D:3:      old_standard_altar
D:4:      makhleb_grotto_becter, uniq_duvessa
D:5:      kennysheep_mini, lemuel_round_altar, minmay_temple_entry_junction,
          serial_curves, eino_curves_02, eino_curves_04, first_bread,
          cheibrodos_gnoll_hut
D:6:      nicolae_overflow_hidden_temple, lemuel_crystal_altar,
          kennysheep_little_box
D:8:      nicolae_overflow_crystal_walls, hangedman_little_slice_of_home,
          uniq_erolcha, uniq_grum, uniq_psyche
Temple:   corrupted_temple

Action                   |  1- 3 |  4- 6 |  7- 9 || total
-------------------------+-------+-------+-------++-------
Melee: Quarterstaff      |    41 |    37 |   187 ||   265
       Unarmed           |       |       |     7 ||     7
 Fire: Hand crossbow     |    26 |    86 |   144 ||   256
Invok: Potion Petition   |       |       |     3 ||     3
  Use: Scroll            |     4 |     5 |     6 ||    15
       Potion            |       |     1 |     1 ||     2
 Stab: Sleeping          |     1 |       |       ||     1
       Distracted        |       |       |     1 ||     1
  Eat: Chunk             |       |    24 |     1 ||    25
       Pizza             |       |       |     1 ||     1
       Bread ration      |       |       |     1 ||     1
